 Dungeon Crawl Stone Soup version 0.21-a0-110-g8e1637b (webtiles) character file.

3205 tilp the Arsonist (level 9, -3/67 HPs)
             Began as a Hill Orc Fire Elementalist on July 9, 2017.
             Was a Believer of Okawaru.
             Slain by a two-headed ogre
             ... wielding a +0 giant club
              (18 damage)
             ... on level 8 of the Dungeon.
             The game lasted 00:31:50 (8723 turns).

tilp the Arsonist (Hill Orc Fire Elementalist)      Turns: 8723, Time: 00:31:50

Health: -3/67      AC:  4    Str: 11    XL:     9   Next: 96%
Magic:  0/12       EV: 12    Int: 18    God:    Okawaru [**....]
Gold:   364        SH:  0    Dex: 11    Spells: 3/13 levels left

rFire    . . .     SeeInvis .   h - +3 spear (venom)
rCold    . . .     Gourm    .   (no shield)
rNeg     . . .     Faith    .   a - +0 robe
rPois    .         Spirit   .   (no helmet)
rElec    .         Reflect  .   (no cloak)
rCorr    .         Harm     .   (no gloves)
MR       .....                  u - +1 pair of boots
Stlth    ++........             (no amulet)
HPRegen  0.21/turn              (no ring)
MPRegen  0.13/turn              (no ring)

@: lethally poisoned (-3 -> -8)
A: no striking features
a: Heroism, Renounce Religion


You were on level 8 of the Dungeon.
You worshipped Okawaru.
Okawaru was pleased with you.
You were hungry.

You visited 2 branches of the dungeon, and saw 9 of its levels.
You also visited: Sewer.

You collected 364 gold pieces.

Inventory:

Hand Weapons
 h - a +3 spear of venom (weapon)
 z - a +0 war axe
 I - a +1 trident of venom
Missiles
 d - 178 stones
 e - 16 javelins (quivered)
 L - a throwing net
 N - 5 tomahawks of returning
Armour
 a - a +0 robe (worn)
 q - a +1 scale mail of magic resistance
 r - a +2 chain mail of poison resistance
 u - a +1 pair of boots (worn)
Jewellery
 k - an uncursed ring of magical power {unknown}
 l - an uncursed ring of poison resistance {unknown}
 n - a +3 ring of slaying {unknown}
 w - an uncursed ring of see invisible {unknown}
 C - an uncursed ring of see invisible {unknown}
 F - an uncursed ring of poison resistance {unknown}
 O - a +3 amulet of reflection {unknown}
Wands
 g - a wand of lightning (12/15)
 m - a wand of lightning (9/15)
 G - a wand of digging (16/24)
 H - a wand of polymorph (11/24)
Scrolls
 j - a scroll of teleportation
 t - a scroll of enchant weapon
 y - 4 scrolls of enchant armour
 J - 2 scrolls of recharging
 K - a scroll of identify
Potions
 f - a potion of lignification
 p - 3 potions of heal wounds
 s - 3 potions of flight
 v - 5 potions of brilliance
 x - a potion of invisibility {unknown}
 A - a potion of agility {unknown}
 B - 4 potions of curing
 D - a potion of mutation {unknown}
 E - a potion of degeneration {unknown}
Books
 b - a book of Flames

   Spells                             Type                      Level
   a - Flame Tongue                   Conjuration/Fire             1
   b - Throw Flame                    Conjuration/Fire             2
   c - Conjure Flame                  Conjuration/Fire             3
   d - Inner Flame                    Hexes/Fire                   3
   e - Sticky Flame                   Conjuration/Fire             4
   f - Fireball                       Conjuration/Fire             5
 o - a book of Maledictions

   Spells                             Type                      Level
   a - Corona                         Hexes                        1
   b - Ensorcelled Hibernation        Hexes/Ice                    2
   c - Confuse                        Hexes                        3
   d - Tukima's Dance                 Hexes                        3
   e - Dazzling Spray                 Conjuration/Hexes            3
Comestibles
 c - 7 bread rations
 i - a chunk of flesh
 M - 2 meat rations


   Skills:
 + Level 1.9 Fighting
 + Level 2.2 Dodging
 - Level 1.5 Stealth
 - Level 2.5 Spellcasting
 - Level 9.6 Conjurations
 - Level 10.1 Fire Magic
 + Level 2.0 Invocations


You had 3 spell levels left.
You knew the following spells:

 Your Spells              Type           Power        Failure   Level  Hunger
a - Flame Tongue          Conj/Fire      #####        1%          1    #......
b - Throw Flame           Conj/Fire      #####.       1%          2    ##.....
c - Conjure Flame         Conj/Fire      #####...     1%          3    ###....
d - Sticky Flame          Conj/Fire      #####...     3%          4    #####..


Dungeon Overview and Level Annotations

Branches:
Dungeon (8/15)             Temple (1/1) D:5
   Lair: D:8-11

Altars:
Ashenzari
Cheibriados
Dithmenos
Elyvilon
Fedhas
Gozag
Hepliaklqana
Kikubaaqudgha
Nemelex Xobeh
Okawaru
Qazlal
Ru
Sif Muna
Trog
Uskayaw
Vehumet
Wu Jian
Xom
Yredelemnul
Zin
The Shining One

Shops:
D:4 =   D:6 }

Annotations:
D:3 Grinder


Message History

Press: ? - help, Shift-Dir - straight line, f - killer bee
Aim: a killer bee The sticky flame hits the killer bee.
The killer bee is severely wounded.
The killer bee is covered in liquid flames!
You feel sick.
The killer bee burns!
The killer bee stings you.
* * * LOW HITPOINT WARNING * * *
You are more poisoned.
The killer bee poisons you!
You hit the two-headed ogre but do no damage.
The two-headed ogre is poisoned.
You feel sick.
The killer bee burns!
You kill the killer bee!
Okawaru accepts your kill.
Your Invocations skill increases to level 2!
You hit the two-headed ogre.
The two-headed ogre looks as sick as possible!
The two-headed ogre is lightly wounded.
You feel sick.
The two-headed ogre hits you with a giant club!!
You die...

#......# ###### #.# #.#<...#
#....# #.#
#.########....#######.########
#............................+
#..######.....##.####...######
#......##.######.# #...#
#......##.# #.# #...#
#.........######.# #...#
#............@O..# #...#
#.........######## #...#
#.........# #...# ..
#.....##[.###########...####..
#.....##................'.....
##+#+###.############...####.)
###.#.###'######### #...#.##..
#.....#...........# ####...#..
#.....#...........######.....##


You could see a two-headed ogre.

Vanquished Creatures
  A two-headed ogre (D:7)
  A troll (D:7)
  A hungry ghost (D:7)
  An ice beast (D:8)
  A necrophage (D:7)
  A black bear (D:8)
  2 ogres
  2 centaurs
  2 big kobolds
  A bullfrog (D:7)
  2 scorpions
  2 killer bees (D:8)
  5 howler monkeys (D:7)
  An electric eel (D:7)
  2 crimson imps
  6 hounds
  2 jellies
  An orc priest (D:5)
  A bullfrog skeleton (D:5)
  An orc wizard (D:5)
  3 iguanas
  6 worker ants
  A hound zombie (D:8)
  2 hound skeletons
  18 adders
  3 gnolls (D:3)
  5 river rats
  A shadow imp (D:5)
  3 oozes
  An adder zombie (D:6)
  An adder skeleton (D:4)
  2 worms (D:5)
  2 dart slugs
  8 leopard geckos
  12 orcs
  7 giant cockroaches
  6 hobgoblins
  2 jackals (Sewer)
  13 kobolds
  4 quokkas
  2 ball pythons
  5 bats
  5 frilled lizards
  10 goblins
  9 rats
167 creatures vanquished.

Notes
Turn   | Place    | Note
-------+----------+-------------------------------------------
     0 | D:1      | tilp the Hill Orc Fire Elementalist began the quest for the Orb.
     0 | D:1      | Reached XP level 1. HP: 14/14 MP: 3/3
   172 | D:1      | Reached XP level 2. HP: 20/20 MP: 5/5
   749 | D:1      | Learned a level 2 spell: Throw Flame
   798 | D:2      | Reached XP level 3. HP: 22/26 MP: 1/6
   964 | D:2      | Learned a level 3 spell: Conjure Flame
  1157 | D:2      | Reached XP level 4. HP: 33/33 MP: 7/7
  1425 | D:2      | Found a white marble altar of Elyvilon.
  1860 | D:3      | Reached XP level 5. HP: 38/38 MP: 6/8
  1883 | D:3      | Reached skill level 4 in Fire Magic
  2208 | D:3      | Found an ancient bone altar of Kikubaaqudgha.
  2208 | D:3      | Found a hazy altar of Hepliaklqana.
  2249 | D:3      | Noticed Grinder
  2931 | D:4      | Reached skill level 5 in Fire Magic
  3317 | D:4      | Reached XP level 6. HP: 36/45 MP: 9/9
  3328 | D:4      | Learned a level 4 spell: Sticky Flame
  3461 | D:4      | Found Coqifuag's Jewellery Boutique.
  3824 | D:5      | Entered Level 5 of the Dungeon
  3897 | D:5      | Reached XP level 7. HP: 49/50 MP: 8/10
  3929 | D:5      | Reached skill level 5 in Conjurations
  4051 | D:5      | Found a glowing drain.
  4132 | Sewer    | Entered a sewer
  4570 | Sewer    | Found a white marble altar of Elyvilon.
  4830 | D:5      | Found a glowing golden altar of the Shining One.
  4861 | D:5      | Reached skill level 6 in Fire Magic
  5084 | D:5      | Found a staircase to the Ecumenical Temple.
  5093 | Temple   | Entered the Ecumenical Temple
  5176 | Temple   | Became a worshipper of Warmaster Okawaru
  5329 | D:5      | Reached XP level 8. HP: 51/57 MP: 9/11
  5369 | D:5      | Reached skill level 7 in Fire Magic
  5625 | D:5      | Found a shadowy altar of Dithmenos.
  5825 | D:6      | Found Unixadix's Quality Used Wands.
  6037 | D:6      | Found a hide-covered altar of Uskayaw.
  6037 | D:6      | Noticed a hand axe
  6038 | D:6      | Noticed a dagger
  6266 | D:6      | Reached skill level 8 in Fire Magic
  6495 | D:7      | Reached * piety under Okawaru
  6506 | D:7      | Noticed a two-headed ogre
  6749 | D:7      | Reached skill level 9 in Fire Magic
  7332 | D:7      | Reached skill level 10 in Fire Magic
  7332 | D:7      | Reached XP level 9. HP: 62/62 MP: 9/12
  7447 | D:7      | Killed a two-headed ogre
  7447 | D:7      | Reached ** piety under Okawaru
  8036 | D:8      | Noticed a troll
  8065 | D:7      | Killed a troll
  8516 | D:8      | Reached skill level 1 in Fighting
  8516 | D:8      | Reached skill level 1 in Invocations
  8689 | D:8      | Noticed a two-headed ogre
  8723 | D:8      | Slain by a two-headed ogre

Vault maps used:
D:1:      dpeg_arrival_arbitrary_c
D:2:      marbit_many_paths, small_statue_intersection, grunt_ministairs_10,
          minmay_heptomino_w4
D:3:      chequers_temple_overflow_statue_of_worship, minmay_misc_feat_cross,
          uniq_grinder
D:4:      serial_shops, kennysheep_mini_moat
D:5:      old_standard_altar, temple_pool_b, lightli_sewer_entry_pipes,
          first_bread, hangedman_decor_clover_reticule, grunt_dithmenos_shadows
D:6:      dancing_weapons_uskayaw, serial_bayou_pond_a,
          nicolae_for_you_no_charge
D:7:      grunt_ogre_cave, kennysheep_decorative_pillar
D:8:      lemuel_castle_with_subvaults, makhleb_grotto_becter, st_stairs_13,
          kennysheep_dice
Temple:   eino_temple_rhombus
Sewer:    sewer_kobolds

Skill      XL: |  1  2  3  4  5  6  7  8  9 |
---------------+----------------------------+-----
Spellcasting   | 2 |  2.5
Conjurations   | 2 3 4 6 9 |  9.6
Fire Magic     | 5 6 10 | 10.1
Fighting       | 1 |  1.9
Dodging        | 2 |  2.2
Invocations    | 2 |  2.0
Stealth        | |  1.5

Action                   |  1- 3 |  4- 6 |  7- 9 || total
-------------------------+-------+-------+-------++-------
Melee: Spear             |    38 |   110 |   218 ||   366
Throw: Javelin           |    16 |    27 |    61 ||   104
 Cast: Flame Tongue      |     9 |    26 |    82 ||   117
       Conjure Flame     |       |     1 |     4 ||     5
       Throw Flame       |       |       |     2 ||     2
       Sticky Flame      |       |       |     7 ||     7
  Use: Scroll            |       |     9 |     5 ||    14
       Potion            |       |       |     3 ||     3
 Stab: Sleeping          |     2 |     2 |     3 ||     7
       Distracted        |       |       |     1 ||     1
  Eat: Chunk             |     1 |     5 |    10 ||    16
       Meat ration       |       |     1 |       ||     1
       Fruit             |       |     1 |       ||     1
       Royal jelly       |       |       |     3 ||     3
Armor: Robe              |     7 |    18 |    34 ||    59
Dodge: Dodged            |    16 |    58 |   144 ||   218
